giann, lawful female dwarven Valkyrie --------- -------- |.......| #-......| ----------- # |.......+# -------- #|......| |.!%?.!.+)| -|--- #-.......|# |......+# #|......| |?*..*.!=.| #-.._| #|.......|# |......|# #|....`.| |..[.)..*)| #|)..-% #-------.-# |...<..|# #--.----- |....*..(.| ##|..^|d ## ### |......|# # ######## -----|----- ##-----@ # ## --.-----# # # ## #### B # ### # # # ### # # # # # ## # # # # ### # # # # ############################## # # # #### # # # # # -----# -|-----.-- -.-|--|--## #### # # # ### |...|######-........| |.....>..## #---------# # # # |....# |........| |.......|# #........|# ################## ##-...|# |..>.....| |........# |.......-# #------|----# -----# -------.-- |.......| |.......| #|.........|########### # --------- |.......| #..........| --------- ----------- giann the Skirmisher Experience level: 3 Strength: 16 Dexterity: 14 Constitution: 18 Intelligence: 9 Wisdom: 10 Charisma: 8 Health: 0(35) Energy: 4(4) Def: 7 Gold: 244 Moves: 2415 Dungeon seed: UnNk706b8tucwulf Game ID: giann_1506232905 Your Inventory: Coins $ - 244 gold pieces Amulets k - an uncursed amulet of life saving Weapons a - a +1 long sword (weapon in hand) b - a +0 dagger Armor e - an uncursed +3 small shield (being worn) n - a cursed -1 studded leather armor (being worn) q - an uncursed +0 scale mail y - an uncursed +0 pair of jumping boots (being worn) Comestibles g - an uncursed food ration i - an uncursed banana o - an uncursed food ration p - an uncursed pancake s - an uncursed apple Scrolls l - a blessed scroll of identify Rings h - an uncursed ring of see invisible Tools d - an uncursed oil lamp (0:1131) m - an uncursed magic whistle Gems r - an uncursed worthless piece of violet glass Spells and supernatural/magical abilities: Name Level Category Fail Memory W - pray for help -- divine ? -- Y - supernatural jump -- ability ? -- Your skills at the end: Fighting Skills wands [Basic] Weapon Skills dagger [Basic] long sword [Basic] Spellcasting Skills Final Attributes: You were piously aligned. You were cold resistant. You had infravision. You were stealthy. You aggravated monsters. You could jump. You are dead. Vanquished creatures: a kitten an acid blob a coyote a gas spore 4 giant rats 3 geckos 5 jackals a kobold a goblin a sewer rat 2 grid bugs 4 lichens 3 newts 28 creatures vanquished. Voluntary challenges: You were an atheist. You used a wielded weapon 27 times, starting on turn 32. You read items or engraved 1 time, starting on turn 558. You never genocided any monsters. You never polymorphed an object. You never changed form. You used no wishes. You never split a pudding. You never wrote Elbereth's name. You never violated your personal moral code. Dungeon overview: The Dungeons of Doom: levels 1 to 4 Level 1 a vault a long staircase Level 2 a sink Level 3 <- You were here a general store, an altar to Loki stairs to The Gnomish Mines Level 4 a fountain The Gnomish Mines: Level 4 stairs to The Dungeons of Doom History has recorded: On T:1 you entered the Dungeons of Doom to retrieve the Amulet of Yendor! On T:402 you reached level 2 of The Dungeons of Doom. On T:888 you reached level 3 of The Dungeons of Doom. On T:1434 you advanced to experience level 2. On T:1603 you reached level 4 of The Dungeons of Doom. On T:2114 you reached level 1 of The Gnomish Mines. On T:2177 you advanced to experience level 3. Score breakdown: Gold: 244 ( 8127 points) Experience: 3 levels ( 7878 points) Exploration: 4 levels ( 8.51%) ( 7661 points) Discoveries: 3 items ( 1.20%) ( 3292 points) Valuables value: (no points given unless you survive) Artifact value: 0 ( 0 points) Variety of kills: 13 monsters ( 3.39%) ( 5527 points) Turncount: 2415 turns ( -279 points) Survival: died (score multiplied by 80%) Total score: 25764 Latest messages: You miss the kitten. The kitten bites! (2x) You miss the kitten. The kitten bites! (2x) You miss the kitten. The kitten bites! You miss the kitten. The kitten bites! (2x) You kill the kitten! You see here a kitten corpse. This kitten corpse tastes terrible! You feel that eating the kitten was a bad idea. You feel observed. You stop eating. You displace your little dog. The giant bat bites! You miss the giant bat. The giant bat bites! The giant bat misses. You hit the giant bat! The giant bat bites! You miss the giant bat. The giant bat bites! (2x) You die... Final status: Farvel giann the Valkyrie, killed by a giant bat... You died in The Dungeons of Doom on dungeon level 3 with 25764 points, and 244 pieces of gold, after 2415 moves. You were level 3 with a maximum of 35 hit points when you died.